 Dungeon Crawl Stone Soup version 0.30-a0-568-g124715a40b (webtiles) character file.

Game seed: 13527303932530333639

91475 porpoise the Severer (level 16, -5/151 HPs)
             Began as a Hill Orc Monk on Dec 29, 2022.
             Was the Champion of Qazlal.
             Slain by a skeletal warrior
             ... wielding a +0 scimitar
              (12 damage)
             ... on level 13 of the Dungeon.
             The game lasted 01:20:42 (20530 turns).

porpoise the Severer (Hill Orc Monk)               Turns: 20530, Time: 01:20:43

Health: -5/151     AC: 17    Str: 25    XL:     16   Next: 3%
Magic:  28/28      EV: 14    Int: 13    God:    Qazlal [******]
Gold:   1052       SH:  8    Dex: 13    Spells: 15/15 levels left

rFire   . . .      SeeInvis .    a - +3 broad axe (elec)
rCold   . . .      Faith    +    (no shield)
rNeg    + . .      Spirit   .    x - +1 ring mail of Agnosticism {rN+ Str+3 Int+3}
rPois   .          Reflect  .    l - +0 helmet
rElec   +          Harm     .    g - scarf {+Inv}
rCorr   .          Rampage  .    F - +1 pair of gloves
Will    +....                    i - +0 pair of boots
Stlth   +                        H - amulet of faith
HPRegen 0.45/turn                j - +4 ring of protection
MPRegen 0.21/turn                R - +4 ring of slaying

@: protected from electricity, repel missiles
A: no striking features
a: Renounce Religion, Evoke Invisibility, Upheaval, Elemental Force, Disaster
Area


You were on level 13 of the Dungeon.
You worshipped Qazlal.
Qazlal was exalted by your worship.
You visited 3 branches of the dungeon, and saw 18 of its levels.
You also visited: Ice Cave.

You collected 1052 gold pieces.

Inventory:

Hand Weapons
 a - a +3 broad axe of electrocution (weapon)
 b - a +3 demon trident
 k - a +2 scythe of freezing
 m - a +3 trident of freezing
 w - a +1 broad axe of freezing
 M - the +7 spear "Ileproy" {heavy, rElec rF+ Str+2}
   (You found it on level 2 of the Dungeon)

   It deals dramatically more damage, but attacks with it are much slower.
   Str:       It affects your strength (+2).
   rF:        It protects you from fire.
   rElec:     It insulates you from electricity.
Missiles
 D - 5 javelins
 K - 11 curare-tipped darts (quivered)
 N - 13 poisoned darts
 O - 7 boomerangs
Armour
 g - a scarf of invisibility (worn)
 i - a +0 pair of boots (worn)
 l - a +0 helmet (worn)
 q - a +3 troll leather armour {Snorg}
 s - a +2 plate armour of cold resistance
 x - the +1 ring mail of Agnosticism (worn) {rN+ Str+3 Int+3}
   (You found it on level 3 of the Dungeon)

   Str:       It affects your strength (+3).
   Int:       It affects your intelligence (+3).
   rN:        It protects you from negative energy.
 F - a +1 pair of gloves (worn)
 I - a +1 scale mail of cold resistance
Jewellery
 j - a +4 ring of protection (left hand)
 p - a ring of protection from fire
 v - a ring of ice
 y - the ring of the Fool {Fly rPois rCorr}
   (You found it on level 3 of the Dungeon)

   [ring of poison resistance]

   rPois:     It protects you from poison.
   Fly:       It grants you flight.
   rCorr:     It protects you from acid and corrosion.
 G - a ring of protection from cold
 H - an amulet of faith (around neck)
 R - a +4 ring of slaying (right hand)
 S - a ring of fire
 U - a ring of willpower
 X - a ring of protection from fire
Wands
 e - a wand of flame (15)
 u - a wand of roots (19)
 E - a wand of charming (13)
 L - a wand of mindburst (12)
 T - a wand of light (2)
Scrolls
 d - 3 scrolls of silence
 f - 2 scrolls of fog
 n - 2 scrolls of magic mapping
 o - 2 scrolls of teleportation
 t - 3 scrolls of fear
 C - a scroll of summoning
 J - 2 scrolls of identify
 Q - a scroll of vulnerability
 W - 3 scrolls of poison
Potions
 c - 7 potions of ambrosia
 h - 5 potions of attraction
 r - a potion of haste
 z - a potion of heal wounds
 A - a potion of berserk rage
 B - 6 potions of curing
 P - a potion of lignification
 V - 3 potions of cancellation


   Skills:
 + Level 15.8 Fighting
 - Level 18.0 Axes
 - Level 6.0 Throwing
 - Level 9.0 Armour
 - Level 7.6 Dodging
 - Level 1.5 Stealth
 + Level 16.3 Invocations
 - Level 6.1 Evocations


You had 15 spell levels left.
You didn't know any spells.
Your spell library contained the following spells:

 Spells                   Type           Power      Damage    Failure   Level
 Sandblast                Erth           0%         2d4       41%         1
 Sting                    Tmut/Pois      0%         1d3       41%         1
 Summon Small Mammal      Summ           0%         N/A       41%         1
 Ensorcelled Hibernation  Hex/Ice        0%         N/A       54%         2
 Passwall                 Tmut/Erth      0%         N/A       54%         2
 Poisonous Vapours        Pois/Air       0%         N/A       54%         2
 Static Discharge         Conj/Air       0%         2-2/arc   54%         2
 Sublimation of Blood     Necr           0%         N/A       54%         2
 Wereblood                Tmut           0%         N/A       54%         2
 Call Canine Familiar     Summ           0%         N/A       78%         3
 Inner Flame              Hex/Fire       0%         N/A       78%         3
 Spider Form              Tmut/Pois      0%         N/A       78%         3
 Stone Arrow              Conj/Erth      0%         3d7       78%         3
 Summon Guardian Golem    Hex/Summ       0%         N/A       78%         3
 Vhi's Electric Charge    Tloc/Air       0%         N/A       78%         3
 Anguish                  Hex/Necr       0%         N/A       99%         4
 Animate Dead             Necr           0%         N/A       99%         4
 Flame Wave               Conj/Fire      0%         2d4       99%         4
 Olgreb's Toxic Radiance  Pois           0%         N/A       99%         4
 Sticky Flame             Conj/Fire      0%         2d3       99%         4
 Alistair's Intoxication  Tmut/Pois      0%         N/A       100%        5
 Arcjolt                  Conj/Air       0%         1d10      100%        5
 Blade Hands              Tmut           0%         N/A       100%        5
 Borgnjor's Vile Clutch   Necr/Erth      0%         N/A       100%        5
 Fireball                 Conj/Fire      0%         3d3       100%        5
 Irradiate                Conj/Tmut      0%         3d11      100%        5
 Iskenderun's Battlesphe  Conj           0%         2d6       100%        5
 Lightning Bolt           Conj/Air       0%         1d11      100%        5
 Conjure Ball Lightning   Conj/Air       0%         3x3d6     100%        6
 Death Channel            Necr           0%         N/A       100%        6
 Eringya's Noxious Bog    Tmut/Pois      0%         N/A       100%        6
 Iron Shot                Conj/Erth      0%         9d1       100%        6
 Dragon Form              Tmut           0%         N/A       100%        7
 Orb of Destruction       Conj           0%         9d5       100%        7
 Spellforged Servitor     Conj/Summ      0%         N/A       100%        7
 Summon Hydra             Summ           0%         N/A       100%        7


Dungeon Overview and Level Annotations

Branches:
Dungeon (13/15)            Temple (1/1) D:7            Lair (4/5) D:9
 Shoals (0/4) Lair:2       Spider (0/4) Lair:2          Orc (0/2) D:12
  IceCv (visited)
  Slime: Lair:4-5    Vaults: D:13-14

Altars:
Ashenzari
Cheibriados
Dithmenos
Elyvilon
Fedhas
Gozag
Hepliaklqana
Kikubaaqudgha
Makhleb
Nemelex Xobeh
Okawaru
Qazlal
Ru
Sif Muna
Trog
Uskayaw
Vehumet
Wu Jian
Xom
Yredelemnul
Zin
The Shining One
Beogh

Annotations:
D:12 1 runed translucent door, p00ps00p's ghost, journeyman HOFi


Message History

The skeletal warrior is engulfed in blazing flames.
The skeletal warrior misses you. You block the raiju's attack.
You slash the very large slime creature!
The very large slime creature is severely wounded.
You slash the raiju! You hit the skeletal warrior. x2
You block the very large slime creature's attack.
You slice the very large slime creature!!
The very large slime creature is almost dead.
You hit the skeletal warrior but do no damage. x2
You hit the raiju.
The skeletal warrior hits you with a +0 dire flail.
* * * LOW HITPOINT WARNING * * *
The skeletal warrior hits you from afar with a +0 glaive!
* * * LOW HITPOINT WARNING * * *
You feel protected from physical attacks.
The skeletal warrior is engulfed in freezing vapours.
The raiju bites you but does no damage.
The very large slime creature is engulfed in blazing flames.
You kill the very large slime creature!
Qazlal accepts your kill.
Unknown command.
You feel much better.
The skeletal warrior is engulfed in freezing vapours.
The skeletal warrior barely misses you.
The skeletal warrior hits you from afar with a +0 glaive!!
* * * LOW HITPOINT WARNING * * *
The skeletal warrior is engulfed in freezing vapours.
The raiju bites you.
* * * LOW HITPOINT WARNING * * *
The raiju shocks you!
Your resistance to physical damage fades away.
You feel protected from electricity.
* * * LOW HITPOINT WARNING * * *
As you read the scroll of fear, it crumbles to dust.
You assume a fearsome visage.
The skeletal warrior is unaffected. x4
The raiju looks frightened!
The deep elf pyromancer looks frightened!
The skeletal warrior is engulfed in freezing vapours.
The skeletal warrior hits you with a +0 scimitar!
You die...

........ #..........#
........ +.....÷....+
..)..... #.....)....#
.....).. ######'#####
######## #.## #..# ##.#
####.### #.@z...# ###+
#hzz☼..# ..... #.e.z..#
......########.....)#####..
......'...H........)....<.#
......########.....)#######
##### ########


You could see 4 skeletal warriors, a deep elf pyromancer (fleeing) and a raiju
shaped shifter (fleeing).

Vanquished Creatures
  Azrael (D:13)
  Snorg (D:11)
  A hydra (Lair:4)
  Erolcha (D:11)
  5 boulder beetles
  9 death yaks
  5 two-headed ogres
  Urug (D:11)
  Nergalle (D:10)
  4 skeletal warriors (D:13)
  Pikel (D:6)
  2 manticores
  A cyclops (D:13)
  A black mamba (Lair:3)
  Joseph (D:8)
  4 elephants
  2 ice statues (IceCv)
  8 cane toads
  A torpor snail (Lair:4)
  2 gargoyles (D:12)
  A rime drake (Lair:3)
  An efreet (D:13)
  5 komodo dragons
  11 kobold demonologists
  5 ice devils (IceCv)
  3 trolls
  A polar bear (D:9)
  Prince Ribbit (D:6)
  2 dream sheep (Lair:4)
  21 blink frogs
  8 slime creatures (D:13)
  Sigmund (D:4)
  A jumping spider (Lair:2)
  3 shadows
  A wyvern (D:9)
  2 dire elephant simulacra (IceCv)
  Grum (D:8)
  A vampire (D:12)
  3 fire elementals (D:13)
  7 vampire mosquitoes
  56 yaks
  A redback (Lair:2)
  Edmund (D:4)
  A death yak simulacrum (IceCv)
  5 hell hounds (D:13)
  11 water moccasins
  5 ice beasts
  2 sky beasts
  3 orc warriors
  3 black bears
  An ogre (D:7)
  22 wolves
  6 centaurs
  A phantom (D:6)
  A lemure (D:6)
  7 kobold brigands
  Blork the orc (D:6)
  9 bullfrogs
  2 two-headed ogre simulacra (IceCv)
  3 cane toad simulacra (IceCv)
  2 scorpions
  4 wights (D:8)
  8 electric eels
  7 howler monkeys
  4 lava snakes (Lair:4)
  8 hounds
  4 jellies
  7 orc priests
  A gnoll bouda (D:4)
  5 iguanas
  10 orc wizards
  2 polar bear simulacra (IceCv)
  2 spriggan simulacra (IceCv)
  3 troll simulacra (IceCv)
  A wolf simulacrum (IceCv)
  2 centaur simulacra (D:9)
  4 adders
  7 gnolls (D:4)
  A naga simulacrum (IceCv)
  A shadow imp (D:7)
  16 white imps
  6 ufetubi
  A worm (D:4)
  A dart slug (D:1)
  47 orcs
  6 ball pythons
  12 endoplasms
  2 giant cockroaches
  9 goblins
  14 hobgoblins
  5 jackals
  30 kobolds
  2 quokkas (D:2)
  6 bats
  3 frilled lizards
  3 rats
518 creatures vanquished.

Vanquished Creatures (collateral kills)
  A reaper (IceCv)
  A death yak (Lair:3)
  Sonja (Lair:1)
  An elephant (Lair:4)
  A torpor snail (Lair:4)
  2 yaks (Lair:4)
7 creatures vanquished.

Vanquished Creatures (others)
  19 fungi
  17 plants
  7 toadstools (D:2)
43 creatures vanquished.

Grand Total: 568 creatures vanquished

Notes
Turn   | Place    | Note
-------+----------+-------------------------------------------
     0 | D:1      | porpoise the Hill Orc Monk began the quest for the Orb.
     0 | D:1      | Reached XP level 1. HP: 19/19 MP: 1/1
    89 | D:1      | Reached XP level 2. HP: 25/27 MP: 2/2
   525 | D:1      | Reached skill level 5 in Axes
   606 | D:1      | Reached XP level 3. HP: 33/33 MP: 3/3
  1082 | D:2      | Identified the +7 spear "Ileproy" {heavy, rElec rF+ Str+2}
  1153 | D:2      | Found a shimmering altar of Xom.
  1459 | D:2      | Reached XP level 4. HP: 41/41 MP: 4/4
  1805 | D:2      | Reached skill level 6 in Axes
  1809 | D:2      | Reached XP level 5. HP: 47/47 MP: 5/5
  1812 | D:2      | Reached skill level 5 in Fighting
  2055 | D:3      | Found a faded altar of an unknown god.
  2055 | D:3      | Identified the +8 hand axe of Vyjaill {drain, rPois rF+
                  | rN+++ Will-}
  2100 | D:3      | Identified the +1 ring mail of Agnosticism {rN+ Str+3
                  | Int+3}
  2132 | D:3      | Reached skill level 7 in Axes
  2299 | D:3      | Identified the ring of the Fool {Fly rPois rCorr}
  2491 | D:3      | Identified the +0 leather armour "Lull" {Int+2}
  2669 | D:4      | Reached XP level 6. HP: 22/56 MP: 6/6
  2812 | D:4      | Noticed Edmund
  2836 | D:4      | Killed Edmund
  2837 | D:4      | Reached skill level 8 in Axes
  3040 | D:4      | Reached XP level 7. HP: 50/63 MP: 7/7
  3244 | D:4      | Reached skill level 9 in Axes
  3261 | D:4      | Noticed Sigmund
  3304 | D:4      | Killed Sigmund
  3634 | D:4      | You are sucked into a shaft and drop 3 floors!
  3665 | D:7      | Found a staircase to the Ecumenical Temple.
  3675 | Temple   | Entered the Ecumenical Temple
  3814 | Temple   | Became a worshipper of Qazlal Stormbringer
  3814 | Temple   | Reached * piety under Qazlal
  3814 | Temple   | Reached ** piety under Qazlal
  3846 | D:7      | Reached skill level 10 in Axes
  3846 | D:7      | Reached XP level 8. HP: 71/73 MP: 8/8
  3865 | D:6      | Reached skill level 1 in Invocations
  3868 | D:5      | Entered Level 5 of the Dungeon
  4423 | D:6      | Reached skill level 11 in Axes
  4630 | D:6      | Noticed Blork the orc
  4645 | D:6      | Killed Blork the orc
  4773 | D:6      | Noticed Pikel
  4783 | D:6      | Killed Pikel
  4784 | D:6      | Reached skill level 5 in Invocations
  4784 | D:6      | Reached XP level 9. HP: 58/82 MP: 11/13
  4937 | D:6      | Noticed Prince Ribbit
  4956 | D:6      | Killed Prince Ribbit
  5125 | D:7      | Reached skill level 12 in Axes
  5125 | D:7      | Reached skill level 1 in Armour
  5125 | D:7      | Noticed a manticore
  5138 | D:7      | Killed a manticore
  6093 | D:8      | Reached skill level 14 in Axes
  6093 | D:8      | Reached XP level 10. HP: 91/91 MP: 15/15
  6264 | D:8      | Noticed Joseph
  6268 | D:8      | Noticed Grum
  6285 | D:8      | Killed Joseph
  6286 | D:8      | Reached XP level 11. HP: 38/97 MP: 16/16
  6286 | D:8      | Killed Grum
  6286 | D:8      | Reached *** piety under Qazlal
  6820 | D:8      | Noticed a two-headed ogre
  6826 | D:8      | Killed a two-headed ogre
  7009 | D:9      | Noticed a two-headed ogre
  7021 | D:9      | Reached skill level 15 in Axes
  7029 | D:9      | Killed a two-headed ogre
  7358 | D:9      | Reached skill level 10 in Invocations
  7370 | D:9      | Reached **** piety under Qazlal
  7548 | D:9      | Found a staircase to the Lair.
  8106 | D:9      | Reached skill level 16 in Axes
  8322 | D:10     | Entered Level 10 of the Dungeon
  8324 | D:10     | Noticed a two-headed ogre
  8336 | D:10     | Reached skill level 1 in Evocations
  8516 | D:10     | Killed a two-headed ogre
  8517 | D:10     | Reached XP level 12. HP: 49/105 MP: 20/20
  8718 | D:10     | Reached ***** piety under Qazlal
  8730 | D:10     | Noticed Nergalle
  8752 | D:10     | Killed Nergalle
  9218 | D:10     | Found a hide-covered altar of Uskayaw.
  9218 | D:10     | Found a snail-covered altar of Cheibriados.
  9218 | D:10     | Found a sparkling altar of Nemelex Xobeh.
  9411 | Lair:1   | Entered Level 1 of the Lair of Beasts
  9424 | Lair:1   | Reached skill level 10 in Fighting
  9478 | Lair:1   | Identified the +3 leather armour "Wufud" {+Inv rC- Int+7}
  9589 | Lair:1   | Noticed Sonja
  9599 | Lair:1   | Killed Sonja
  9741 | Lair:1   | Noticed a boulder beetle
  9756 | Lair:1   | Killed a boulder beetle
 10655 | Lair:2   | Found a hole to the Spider Nest.
 11001 | Lair:2   | Reached skill level 5 in Evocations
 11460 | Lair:2   | HP: 2/112 [yak (11)]
 11463 | Lair:2   | Reached XP level 13. HP: 34/117 MP: 23/23
 11782 | Lair:2   | Found a staircase to the Shoals.
 11808 | Lair:2   | HP: 4/117 [blink frog (7)]
 13480 | Lair:3   | Reached skill level 17 in Axes
 14958 | Lair:4   | Reached skill level 18 in Axes
 14962 | Lair:4   | Reached XP level 14. HP: 57/130 MP: 24/24
 15233 | Lair:4   | Reached skill level 1 in Throwing
 17046 | D:11     | Noticed Erolcha
 17050 | D:11     | Killed Erolcha
 17055 | D:11     | Found a frozen archway.
 17092 | IceCv    | Entered an ice cave
 17127 | IceCv    | Reached ****** piety under Qazlal
 17589 | IceCv    | Noticed a reaper
 17613 | IceCv    | Killed a reaper
 17969 | D:11     | Noticed Urug
 17979 | D:11     | Killed Urug
 17984 | D:11     | Noticed Snorg
 17996 | D:11     | Killed Snorg
 17997 | D:11     | Reached skill level 15 in Invocations
 18653 | D:12     | Reached skill level 15 in Fighting
 18764 | D:12     | Reached skill level 5 in Throwing
 19273 | D:12     | Found a roughly hewn altar of Beogh.
 19273 | D:12     | Found a staircase to the Orcish Mines.
 19471 | D:12     | Reached XP level 15. HP: 141/141 MP: 26/26
 19546 | D:12     | Found a runed translucent door.
 19549 | D:12     | Noticed p00ps00p's ghost (journeyman HOFi)
 19851 | D:12     | Found the +3 hat of Pondering {ponderous, Will+ MP+10
                  | Int+5}
 20197 | D:13     | Noticed Azrael
 20213 | D:13     | Killed Azrael
 20428 | D:13     | Reached XP level 16. HP: 123/150 MP: 28/28
 20529 | D:13     | HP: 7/151 [raiju (shapeshifter) (7)]
 20530 | D:13     | Slain by a skeletal warrior

Illustrated notes

Levels and vault maps discovered:
D:1:      dpeg_arrival_boxorama, layout_loops_cross
D:2:      cheibrodos_fertilizer, layout_basic, basic_altar, minmay_tromino_i2
D:3:      kb_forest_paths, layout_rooms, basic_ecumenical_altar
D:4:      layout_basic, serial_rivers, chequers_serial_rivers_micro_b,
          chequers_serial_rivers_small_3, chequers_serial_rivers_micro_d,
          chequers_serial_rivers_micro_c, chequers_serial_rivers_micro_c,
          uniq_sigmund, uniq_edmund
D:5:      layout_rooms
D:6:      layout_basic, uniq_blork_the_orc, uniq_prince_ribbit1, uniq_pikel
D:7:      layout_basic, minmay_temple_entry_ruins
D:8:      layout_loops_cross, uniq_grum, uniq_joseph
D:9:      layout_long_grid, erik_lair_island, serial_ice, serial_ice_c,
          serial_ice_l, serial_ice_n, serial_ice_o, serial_ice_d, serial_ice_h
D:10:     layout_cave_pools, gammafunk_temple_overflow_claw, uniq_nergalle
D:11:     layout_basic, portal_ice_cave_entry_imps, uniq_erolcha, uniq_urug,
          uniq_snorg
D:12:     layout_long_grid, david_orc_5, ebering_ghost_reflecting_pool,
          kennysheep_flooded_box, corner_web_ring
D:13:     layout_roguey, uniq_azrael
Temple:   nicolae_temple_bog_church
Lair:1:   layout_small_grid, nzn_sisyphean_effort, uniq_sonja
Lair:2:   layout_regular_city, shoals_dummy_entry, spider_nest_entry_a
Lair:3:   layout_chaotic_city
Lair:4:   layout_cave_pods, nicolae_lair_liquid_snakes

Skill      XL: |  1  2  3  4  5  6  7  8  9 10 11 12 13 14 15 |
---------------+----------------------------------------------+-----
Fighting       | 4 5 6 7 8 9 11 13 15 | 15.8
Axes           | 5 6 7 8 10 11 14 16 18 | 18.0
Invocations    | 5 7 11 13 14 15 16 | 16.3
Armour         | 6 7 8 9 |  9.0
Dodging        | 6 7 |  7.6
Evocations     | 2 5 6 |  6.1
Throwing       | 6 |  6.0
Stealth        | |  1.5

Action                   |  1- 3 |  4- 6 |  7- 9 | 10-12 | 13-15 | 16-18 || total
-------------------------+-------+-------+-------+-------+-------+-------++-------
Melee: Hand axe          |    96 |    65 |   132 |   276 |       |       ||   569
       Spear             |    14 |    41 |    11 |    95 |    26 |       ||   187
       Punch             |     1 |     1 |       |     6 |     8 |       ||    16
       Broad axe         |       |       |       |    20 |   552 |    11 ||   583
Throw: Dart              |       |       |     4 |     3 |     4 |       ||    11
       Boomerang         |       |       |       |       |     4 |       ||     4
Invok: Elemental Force   |       |       |       |     1 |     3 |       ||     4
       Upheaval          |       |       |       |     1 |       |       ||     1
       Disaster Area     |       |       |       |       |     2 |       ||     2
Evoke: Wand              |       |       |       |     5 |     7 |       ||    12
  Use: Potion            |       |       |     3 |     4 |     2 |     1 ||    10
       Scroll            |       |       |     5 |    14 |    11 |     1 ||    31
 Stab: Sleeping          |     2 |     1 |       |       |       |       ||     3
       Paralysed         |       |       |       |       |     3 |       ||     3
Armor: Robe              |     7 |       |       |       |       |       ||     7
       Ring mail         |    22 |    31 |    54 |   120 |   160 |     5 ||   392
       Plate armour      |       |       |       |       |    18 |       ||    18
Dodge: Dodged            |    60 |    32 |    63 |   268 |   264 |     4 ||   691
       Repelled          |       |       |       |     1 |    10 |       ||    11
Block: Other             |       |       |     8 |    89 |   161 |    11 ||   269

Table legend: (Time is in decaauts)
 A = Elapsed time spent in this place.
 B = Non-inter-level travel time spent in this place.
 C = Inter-level travel time spent in this place.
 D = Time resting spent in this place.
 E = Time spent auto-exploring this place.
 F = Levels seen in this place.
 G = Mean time per level.
                   A        B        C        D        E       F      G
               +--------+--------+--------+--------+--------+-----+--------+
         Total |  20239 |  19466 |    773 |   6870 |   9155 |  19 | 1065.2 |
       Dungeon |  11798 |  11223 |    575 |   2783 |   6332 |  13 |  907.5 |
        Temple |    148 |    139 |      9 |      0 |    109 |   1 |  148.0 |
          Lair |   7517 |   7328 |    189 |   3745 |   2601 |   4 | 1879.2 |
      Ice Cave |    774 |    774 |      0 |    342 |    112 |   1 |  774.0 |
               +--------+--------+--------+--------+--------+-----+--------+

Top non-repeatable levels by time:
  Lair:4: 2107 daAuts
  Lair:2: 2085 daAuts
  Lair:3: 1753 daAuts
  Lair:1: 1571 daAuts
     D:9: 1516 daAuts
     D:2: 1215 daAuts
    D:12: 1214 daAuts
     D:4: 1109 daAuts
     D:7: 1049 daAuts
    D:10: 923 daAuts
     D:1: 844 daAuts
     D:6: 838 daAuts
    D:11: 794 daAuts
   IceCv: 774 daAuts
     D:8: 707 daAuts
